 Dungeon Crawl Stone Soup version 0.28-a0-1143-gcf6077d4cc (webtiles) character file.

Game seed: 14137263508763938105

106 lonewolfV2 the Covered (level 4, -5/60 HPs)
             Began as a Minotaur Fighter on Dec 13, 2021.
             Was a Believer of Trog.
             Succumbed to a goblin's poison
             ... on level 2 of the Dungeon.
             The game lasted 00:04:29 (1421 turns).

lonewolfV2 the Covered (Minotaur Fighter)           Turns: 1421, Time: 00:04:30

Health: -5/60      AC:  7    Str: 21    XL:     4   Next: 55%
Magic:  3/3        EV:  9    Int:  5    God:    Trog [**....]
Gold:   103        SH:  5    Dex: 11    Spells: 3/3 levels left

rFire   + . .      SeeInvis .   m - +0 flail (vorpal)
rCold   x . .      Faith    .   c - +0 buckler
rNeg    . . .      Spirit   .   b - +0 scale mail
rPois   .          Reflect  .   (helmet restricted)
rElec   .          Harm     .   (no cloak)
rCorr   .          Rampage  .   (no gloves)
Will    .....                   (no boots)
Stlth   ..........              n - amulet of the acrobat
HPRegen 0.20/turn               h - ring of fire
MPRegen 0.08/turn               (no ring)

@: berserking, lethally poisoned (-5 -> -29), very quick
A: horns 2, retaliatory headbutt
a: Renounce Religion, Berserk, Trog's Hand


You were on level 2 of the Dungeon.
You worshipped Trog.
Trog was pleased with you.
You visited 1 branch of the dungeon, and saw 2 of its levels.

You collected 103 gold pieces.

Inventory:

Hand Weapons
 a - a +0 war axe
 m - a +0 vorpal flail (weapon)
Armour
 b - a +0 scale mail (worn)
 c - a +0 buckler (worn)
Magical Staves
 e - a staff of fire
 t - a staff of conjuration
Jewellery
 h - a ring of fire (left hand)
 n - an amulet of the acrobat (around neck)
Wands
 p - a wand of flame (5) (quivered)
Scrolls
 i - a scroll of magic mapping {unknown}
 r - a scroll of teleportation {unknown}
 s - a scroll of identify {unknown}
Potions
 d - a potion of might
 f - a potion of lignification {unknown}
 g - a potion of haste {unknown}
 j - a potion of curing {unknown}
 k - a potion of resistance {unknown}
 l - a potion of cancellation {unknown}
 o - a potion of berserk rage
 q - a potion of flight {unknown}


   Skills:
 + Level 4.2 Fighting
 + Level 2.5 Axes
 + Level 0.1 Staves
 + Level 5.1 Armour
 + Level 4.6 Shields
 + Level 0.6 Evocations


You had 3 spell levels left.
You didn't know any spells.
Your spell library contained the following spells:

 Spells                   Type           Power      Damage    Failure   Level
 Animate Skeleton         Necr           0%         N/A       80%         1
 Pain                     Necr           0%         1d4       80%         1
 Vampiric Draining        Necr           0%         2d6       99%         3


Dungeon Overview and Level Annotations

Branches:
Dungeon (2/15)

Altars:
Trog


Innate Abilities, Weirdness & Mutations

You have a pair of horns on your head.
You reflexively headbutt those who attack you in melee.


Message History

a +0 halberd; a +0 spear
Things that are here:
a +0 club; a +0 spear; a gnoll corpse You start resting.
A goblin is nearby!
A goblin is nearby!
A goblin is nearby!
You see here a rat corpse.
Things that are here:
a +0 club; a +0 spear; a gnoll corpse
Things that are here:
a +0 halberd; a +0 spear
Things that are here:
a +0 club; a +0 spear; a gnoll corpse You see here a rat corpse.
You hit the goblin but do no damage.
You headbutt the goblin, but do no damage.
You block the goblin's attack. The goblin hits you but does no damage.
You are poisoned.
You completely miss the goblin. Your headbutt misses the goblin.
You feel very sick. The goblin hits you but does no damage.
You are lethally poisoned!
You closely miss the goblin.
* * * LOW HITPOINT WARNING * * *
You feel very sick. You block the goblin's attack.
You closely miss the goblin.
* * * LOW HITPOINT WARNING * * *
You feel very sick.
The goblin hits you with a +1 dagger of venom.
* * * LOW HITPOINT WARNING * * *
You are more poisoned.
The goblin hits you with a +1 dagger of venom.
* * * LOW HITPOINT WARNING * * *
You are more poisoned.
It was a potion of berserk rage.
A red film seems to cover your vision as you go berserk!
You feel yourself moving faster!
You feel mighty!
You die...

##############
#############.............
#>.....)g@.......... ....
.......####.......## ##..
....... #.......# ###..
....... #.......# .....
....... #.......###..#..
....... #...............
....... ###'###.########
.......######.##..##..# ##
........#...#.##.##.


You could see a goblin.

Vanquished Creatures
  4 gnolls (D:2)
  2 adders (D:2)
  2 dart slugs
  3 orcs (D:2)
  A bat (D:2)
  6 endoplasms
  5 giant cockroaches (D:1)
  6 hobgoblins
  3 kobolds
  2 frilled lizards
  3 goblins
  4 rats
41 creatures vanquished.

Vanquished Creatures (others)
  3 fungi (D:2)
  5 plants (D:2)
8 creatures vanquished.

Grand Total: 49 creatures vanquished

Notes
Turn   | Place    | Note
-------+----------+-------------------------------------------
     0 | D:1      | lonewolfV2 the Minotaur Fighter began the quest for the
                  | Orb.
     0 | D:1      | Reached XP level 1. HP: 19/19 MP: 0/0
   250 | D:1      | Reached XP level 2. HP: 27/27 MP: 1/1
   306 | D:1      | Reached skill level 4 in Armour
  1070 | D:2      | Reached XP level 3. HP: 32/33 MP: 2/2
  1156 | D:2      | Found a faded altar of an unknown god.
  1184 | D:2      | Prayed at the altar of an unknown god.
  1184 | D:2      | Became a worshipper of Trog the Wrathful
  1184 | D:2      | Reached * piety under Trog
  1396 | D:2      | Reached XP level 4. HP: 30/40 MP: 3/3
  1401 | D:2      | Reached skill level 5 in Armour
  1405 | D:2      | Reached ** piety under Trog
  1420 | D:2      | HP: 2/40 [goblin (1)]
  1421 | D:2      | Succumbed to a goblin's poison

Illustrated notes

Levels and vault maps discovered:
D:1:      dpeg_arrival_pond, layout_loops_ring
D:2:      layout_basic, dreamdust_ecumenical_altar_grove, minivault_23,
          guppyfry_early_orc_mine

Skill      XL: |  1  2  3  4 |
---------------+-------------+-----
Armour         | 4 5 |  5.1
Fighting       | 4 |  4.2
Shields        | 4 |  4.6
Axes           | |  2.5
Staves         | |  0.1
Evocations     | |  0.6

Action                   |  1- 3 |  4- 6 || total
-------------------------+-------+-------++-------
Melee: Staff             |    47 |       ||    47
       Headbutt          |    20 |     2 ||    22
       War axe           |     1 |       ||     1
       Flail             |    16 |    11 ||    27
Evoke: Wand              |    17 |       ||    17
  Use: Scroll            |     1 |       ||     1
       Potion            |       |     1 ||     1
Armor: Scale mail        |    38 |     4 ||    42
Dodge: Dodged            |    41 |     6 ||    47
Block: Buckler           |    16 |     7 ||    23

Table legend: (Time is in decaauts)
 A = Elapsed time spent in this place.
 B = Non-inter-level travel time spent in this place.
 C = Inter-level travel time spent in this place.
 D = Time resting spent in this place.
 E = Time spent auto-exploring this place.
 F = Levels seen in this place.
 G = Mean time per level.
                   A        B        C        D        E       F      G
               +--------+--------+--------+--------+--------+-----+--------+
         Total |   1438 |   1435 |      3 |      3 |   1040 |   2 |  719.0 |
       Dungeon |   1438 |   1435 |      3 |      3 |   1040 |   2 |  719.0 |
               +--------+--------+--------+--------+--------+-----+--------+

Top non-repeatable levels by time:
     D:1: 1004 daAuts
     D:2: 434 daAuts
